[Event "Titled Tuesday Blitz August 15 Late 2023"]
[White "Shapiro, Viktor"]
[Black "Polaczek, Richard"]
[WhiteFideId "4175700"]
[BlackFideId "200026"]
[WhiteElo "2554"]
[BlackElo "2384"]
[Result "0-1"]
[Round "10"]
[TimeControl "180+1"]
[Date "2023.08.15"]
[WhiteClock "0:00:40"]
[BlackClock "0:00:52"]
[Board "60"]

1. c4 e6 2. Nc3 d5 3. d4 Nf6 4. Nf3 Bb4 5. Bg5 h6 6. Bh4 Nc6 7. e3 g5 8. Bg3 Ne4 9. Qc2 h5 10. Bd3 h4 11. Be5 f6 12. Bxe4 dxe4 13. Qxe4 fxe5 14. Qg6+ Kf8 15. Nxg5 Qe7 16. O-O-O Qg7 17. Nxe6+ Bxe6 18. Qxe6 Bxc3 19. bxc3 Re8 20. Qf5+ Qf7 21. Qxf7+ Kxf7 22. g3 Na5 23. c5 Nc4 24. Kc2 b5 25. cxb6 axb6 26. d5 Ra8 27. Ra1 Ra3 28. e4 Rha8 29. f4 b5 30. Rhf1 Rxa2+ 31. Rxa2 Rxa2+ 32. Kb3 Rb2# 0-1


[Site "https://www.chess.com"]

[Event "Titled Tuesday Blitz August 15 Late 2023"]
[White "ciroreva-CB"]
[Black "Kashefi, Amir Hosein"]
[BlackFideId "12557935"]
[WhiteElo "2360"]
[BlackElo "2526"]
[Result "1/2-1/2"]
[Round "10"]
[TimeControl "180+1"]
[Date "2023.08.15"]
[WhiteClock "0:00:02"]
[BlackClock "0:00:02"]
[Board "61"]

1. e4 c6 2. Nf3 d5 3. d3 dxe4 4. dxe4 Qxd1+ 5. Kxd1 Bg4 6. Be2 Nd7 7. Ne1 Bxe2+ 8. Kxe2 e5 9. Nd3 f6 10. Be3 h5 11. a4 Nh6 12. f3 Nf7 13. Nd2 Nd6 14. b4 Be7 15. c4 Kf7 16. c5 Ne8 17. Nc4 Nc7 18. Na5 Rab8 19. Rhd1 Rhd8 20. Nb2 Na6 21. Bd2 Nf8 22. Be1 Ke6 23. Nbc4 Kf7 24. Rxd8 Bxd8 25. Nxb7 Ne6 26. Nxd8+ Rxd8 27. Nd6+ Ke7 28. Rc1 Rb8 29. Rc4 Nd4+ 30. Kd3 Nc7 31. Bc3 Nce6 32. Bxd4 Nxd4 33. Nf5+ Nxf5 34. exf5 a6 35. g4 Rh8 36. h4 hxg4 37. Rxg4 Kf7 38. Kc4 Rb8 39. h5 Rb7 40. h6 gxh6 41. Rg6 Rd7 42. Rxh6 Rd4+ 43. Kc3 Kg7 44. Rg6+ Kf7 45. Rg4 Rd1 46. b5 axb5 47. axb5 Rc1+ 48. Kb4 Rb1+ 49. Kc4 Rxb5 50. Rh4 Kg7 51. Rg4+ Kf7 52. Rg1 Rb2 53. Rd1 Rf2 54. Rd7+ Ke8 55. Rd6 Ke7 56. Re6+ Kf7 57. Rxc6 Rxf3 58. Rc7+ Ke8 59. Kd5 Rxf5 60. Ke6 Kd8 61. Rd7+ Kc8 62. Rf7 Rf2 63. c6 e4 64. Kd6 Rd2+ 65. Kc5 f5 66. Rxf5 e3 67. Re5 e2 68. Re8+ Kc7 69. Re7+ Kc8 70. Re3 Rc2+ 71. Kd6 Rd2+ 72. Kc5 Ra2 73. Kd6 Rd2+ 74. Kc5 1/2-1/2


[Site "https://www.chess.com"]

[Event "Titled Tuesday Blitz August 15 Late 2023"]
[White "Karamsetty, Jeevan"]
[Black "Bullen, Alex"]
[WhiteFideId "2025337"]
[BlackFideId "1801627"]
[WhiteElo "2516"]
[BlackElo "2351"]
[Result "1-0"]
[Round "10"]
[TimeControl "180+1"]
[Date "2023.08.15"]
[WhiteClock "0:01:05"]
[BlackClock "0:00:12"]
[Board "62"]

1. e4 c6 2. d4 d5 3. Nc3 dxe4 4. Nxe4 Bf5 5. Ng3 Bg6 6. h4 h6 7. Nf3 Nd7 8. h5 Bh7 9. Bd3 Bxd3 10. Qxd3 e6 11. Bd2 Ngf6 12. O-O-O Be7 13. Kb1 Qb6 14. Ne5 Rd8 15. f4 c5 16. Be3 cxd4 17. Bxd4 Bc5 18. Bxc5 Qxc5 19. Ne4 Nxe4 20. Nxd7 Qc6 21. Nf6+ Ke7 22. Qxe4 gxf6 23. Qb4+ Ke8 24. Rxd8+ Kxd8 25. Rd1+ Kc8 26. Qe7 Qc7 27. Qxf6 Rg8 28. Qxh6 Rxg2 29. Qf8+ 1-0


[Site "https://www.chess.com"]

[Event "Titled Tuesday Blitz August 15 Late 2023"]
[White "Seletsky, Grigory"]
[Black "Ardila, Oscar Humberto"]
[WhiteFideId "14112191"]
[BlackFideId "4404742"]
[WhiteElo "2495"]
[BlackElo "2301"]
[Result "0-1"]
[Round "10"]
[TimeControl "180+1"]
[Date "2023.08.15"]
[WhiteClock "0:00:00"]
[BlackClock "0:00:09"]
[Board "63"]

1. e4 e5 2. Nf3 Nf6 3. Nxe5 d6 4. Nf3 Nxe4 5. Nc3 Nxc3 6. dxc3 Be7 7. Bf4 O-O 8. Qd2 Nd7 9. O-O-O Nf6 10. c4 Be6 11. Kb1 Ne4 12. Qe1 Nc5 13. Nd4 Bg4 14. f3 Bd7 15. g4 Bf6 16. Be3 Re8 17. Qf2 Ne6 18. Nf5 Nf8 19. Bd3 Ng6 20. Rhg1 Ne5 21. h4 Nxd3 22. cxd3 Bxf5 23. gxf5 Bxh4 24. Qg2 Bf6 25. Bh6 g6 26. fxg6 fxg6 27. f4 Qd7 28. Rd2 Qf5 29. Qxb7 Qa5 30. Qd5+ Qxd5 31. cxd5 Rab8 32. Rc1 Rb7 33. Rdc2 Reb8 34. b3 Rc8 35. Rc6 Kf7 36. Rxd6 cxd6 37. Rxc8 a5 38. Rc6 Ke7 39. Ra6 Bc3 40. Kc2 Bb4 41. a3 Bxa3 42. Rxa5 Bc5 43. Ra4 Kf6 44. d4 Bb4 45. Kd3 Kf5 46. Kc4 Bd2 47. b4 Bxf4 48. Bxf4 Kxf4 49. Ra6 Rc7+ 50. Rc6 Rd7 51. b5 g5 52. b6 g4 53. Rc7 Rd8 54. Rxh7 Rb8 55. Kb5 g3 56. Rg7 Ke4 57. b7 Kxd5 58. Kb6 Kxd4 59. Rxg3 d5 60. Kc6 Ke4 61. Rg4+ Kf5 62. Rb4 Ke5 63. Kc7 Rf8 64. b8=Q Rxb8 65. Kxb8 d4 66. Kc7 Ke4 67. Kc6 Ke3 68. Kd5 d3 69. Rb3 Ke2 70. Ke4 d2 71. Re3+ Kf1 72. Rd3 Ke1 0-1


[Site "https://www.chess.com"]

[Event "Titled Tuesday Blitz August 15 Late 2023"]
[White "Jovic, Stanoje"]
[Black "Zampronha, Wladimir Camilo"]
[WhiteFideId "905020"]
[BlackFideId "2103087"]
[WhiteElo "2491"]
[BlackElo "2275"]
[Result "1-0"]
[Round "10"]
[TimeControl "180+1"]
[Date "2023.08.15"]
[WhiteClock "0:01:13"]
[BlackClock "0:00:12"]
[Board "64"]

1. c4 Nf6 2. g3 e6 3. Bg2 d5 4. Nf3 d4 5. O-O c5 6. e3 Nc6 7. a3 dxe3 8. fxe3 Be7 9. b4 cxb4 10. axb4 Bxb4 11. Ne5 Nxe5 12. Qa4+ Bd7 13. Qxb4 Nd3 14. Qxb7 Rb8 15. Qxa7 Nxc1 16. Rxc1 O-O 17. c5 Rb2 18. c6 Bc8 19. Qd4 Qxd4 20. exd4 Nd5 21. Bxd5 exd5 22. Ra5 Be6 23. c7 Rc8 24. Rac5 Kf8 25. Kf2 Ke7 26. Ke3 Kd7 27. Nc3 Rb3 28. d3 Rb7 29. Nxd5 Bxd5 30. Rxd5+ Ke6 31. Rdc5 Kd6 32. Rc6+ Kd7 33. Kf4 Rbxc7 34. Rxc7+ Rxc7 35. Rxc7+ Kxc7 36. Ke5 Kd7 37. Kd5 f6 38. h4 g6 39. g4 h6 40. Kc5 h5 41. gxh5 gxh5 42. Kd5 Ke7 43. Ke4 Ke6 44. d5+ Kd6 45. Kf5 Kxd5 46. Kxf6 Kd4 47. Kg5 Kxd3 48. Kxh5 Ke4 49. Kg6 1-0


[Site "https://www.chess.com"]

[Event "Titled Tuesday Blitz August 15 Late 2023"]
[White "dr_tatiana"]
[Black "Fiorito, Joaquin"]
[BlackFideId "180173"]
[WhiteElo "2440"]
[BlackElo "2645"]
[Result "0-1"]
[Round "10"]
[TimeControl "180+1"]
[Date "2023.08.15"]
[WhiteClock "0:00:56"]
[BlackClock "0:01:38"]
[Board "65"]

1. e4 c5 2. Nc3 d6 3. d3 g6 4. f4 Bg7 5. Nf3 Nc6 6. g3 e6 7. Bg2 Nge7 8. O-O O-O 9. Be3 b6 10. Qd2 d5 11. exd5 exd5 12. d4 Nf5 13. Bf2 Ba6 14. Rfe1 Ncxd4 15. Nxd4 cxd4 16. Nxd5 Rc8 17. g4 Bb7 18. c4 dxc3 19. bxc3 Bxc3 20. Qd3 Bxd5 21. Bxd5 Ne7 22. Rxe7 Qxe7 23. Rd1 Rfd8 24. Qf3 Bb4 25. f5 Bc5 26. f6 Bxf2+ 27. Kxf2 Qc5+ 28. Kg2 Re8 29. Qf4 Qc2+ 30. Rd2 Re2+ 31. Rxe2 Qxe2+ 32. Kg3 Rc3+ 33. Kh4 Qe1+ 34. Kg5 h6+ 35. Kxh6 Qh4# 0-1


[Site "https://www.chess.com"]

[Event "Titled Tuesday Blitz August 15 Late 2023"]
[White "Chor, Kevin"]
[Black "Buchenau, Frank"]
[WhiteFideId "2090740"]
[BlackFideId "4604350"]
[WhiteElo "2555"]
[BlackElo "2436"]
[Result "1-0"]
[Round "10"]
[TimeControl "180+1"]
[Date "2023.08.15"]
[WhiteClock "0:00:11"]
[BlackClock "0:00:09"]
[Board "66"]

1. e4 e6 2. d4 d5 3. Nd2 c5 4. exd5 Qxd5 5. Ngf3 cxd4 6. Bc4 Qd6 7. O-O Nf6 8. Nb3 Nc6 9. Nbxd4 Nxd4 10. Nxd4 a6 11. Be3 Qc7 12. Bb3 Bd6 13. h3 e5 14. Nf3 O-O 15. c4 b6 16. Rc1 Bb7 17. Qe2 Rfe8 18. Rfd1 Bc5 19. Ba4 Bc6 20. Bxc6 Qxc6 21. Bxc5 Qxc5 22. a3 a5 23. Rd2 Rac8 24. Rc3 h6 25. Nh4 e4 26. g4 Rcd8 27. Nf5 h5 28. Rg3 hxg4 29. hxg4 Rxd2 30. Qxd2 g6 31. Qg5 Nh7 32. Qh6 Qf8 33. Qh4 Rd8 34. Rh3 Rd1+ 35. Kg2 1-0


[Site "https://www.chess.com"]

[Event "Titled Tuesday Blitz August 15 Late 2023"]
[White "Villiers, Thomas"]
[Black "Golubev, Mikhail"]
[WhiteFideId "427209"]
[BlackFideId "14100983"]
[WhiteElo "2436"]
[BlackElo "2541"]
[Result "0-1"]
[Round "10"]
[TimeControl "180+1"]
[Date "2023.08.15"]
[WhiteClock "0:00:00"]
[BlackClock "0:00:03"]
[Board "67"]

1. d4 Nf6 2. c4 g6 3. Nc3 Bg7 4. g3 O-O 5. Bg2 d6 6. e3 Nbd7 7. Nge2 e5 8. O-O Re8 9. Qc2 c6 10. b3 exd4 11. Nxd4 Nc5 12. Ba3 Qb6 13. Rad1 a5 14. Nde2 Bf5 15. Qb2 Nfe4 16. Nd4 a4 17. Bxc5 dxc5 18. Bxe4 cxd4 19. Nxa4 Rxa4 20. Bxf5 gxf5 21. exd4 Rxc4 22. Qb1 Rxd4 23. Qxf5 Red8 24. Rde1 R4d5 25. Qf3 Qc7 26. Re4 Re5 27. Rg4 Kh8 28. h4 Qd7 29. h5 Qf5 30. Rf4 Qxh5 31. Qxh5 Rxh5 32. Rxf7 b5 33. Re1 Kg8 34. Ree7 Rg5 35. a4 bxa4 36. bxa4 Rf8 37. Rxf8+ Kxf8 38. Rc7 Rc5 39. a5 Be5 40. Rc8+ Ke7 41. a6 Ra5 42. Rxc6 Bd4 43. Rh6 Ra2 44. Rxh7+ Kd6 45. a7 Bxf2+ 46. Kf1 Bxa7 47. Rh4 Ke5 48. Rf4 Bd4 49. Rf3 Ke4 50. Rf4+ Ke3 51. Kg1 Be5 52. Rb4 Bxg3 53. Rb3+ Kf4 54. Kf1 Kg4 55. Rb4+ Kh3 56. Re4 Rf2+ 57. Kg1 Rg2+ 58. Kf1 Rf2+ 59. Kg1 Rf8 60. Re3 Rf7 0-1


[Site "https://www.chess.com"]

[Event "Titled Tuesday Blitz August 15 Late 2023"]
[White "Vafin, Ayrat"]
[Black "Osmak, Yuliia"]
[WhiteFideId "4146530"]
[BlackFideId "14101602"]
[WhiteElo "2435"]
[BlackElo "2512"]
[Result "0-1"]
[Round "10"]
[TimeControl "180+1"]
[Date "2023.08.15"]
[WhiteClock "0:00:00"]
[BlackClock "0:00:23"]
[Board "68"]

1. Nf3 g5 2. Nxg5 e5 3. d4 Be7 4. Ne4 d5 5. Ng3 h5 6. e4 h4 7. Nf5 dxe4 8. Nxe7 Qxe7 9. dxe5 Qxe5 10. Nc3 Nc6 11. Bb5 Nf6 12. Be3 Bg4 13. Bxc6+ bxc6 14. Qd4 Qf5 15. Nxe4 Qxe4 16. Qxf6 Rg8 17. Qxh4 Qxg2 18. Kd2 Rd8+ 19. Kc3 Qe4 20. Rae1 Kd7 21. Bd4 Qf4 22. Qe7+ Kc8 23. Qc5 Rg5 24. Qxa7 Rb5 25. Qa6+ Rb7 26. Qa8+ Rb8 27. Qa6+ Kd7 28. Qc4 Be6 29. Qc5 Kc8 30. a4 Qf3+ 31. Be3 Qe4 32. Bd4 Qf3+ 33. Be3 Qg4 34. b3 Qg6 35. Bd4 Bf5 36. Qa7 Bxc2 37. Qa6+ Rb7 38. Qa7 Rxa7 0-1


[Site "https://www.chess.com"]

[Event "Titled Tuesday Blitz August 15 Late 2023"]
[White "Grinev, Valeriy"]
[Black "Mazurkiewicz, Michal"]
[WhiteFideId "14117517"]
[BlackFideId "1124943"]
[WhiteElo "2510"]
[BlackElo "2428"]
[Result "0-1"]
[Round "10"]
[TimeControl "180+1"]
[Date "2023.08.15"]
[WhiteClock "0:00:09"]
[BlackClock "0:00:09"]
[Board "69"]

1. e4 d6 2. Nf3 Nf6 3. Nc3 c6 4. d4 Bg4 5. Be2 e6 6. h3 Bh5 7. Bf4 d5 8. e5 Nfd7 9. g4 Bg6 10. h4 c5 11. h5 Be4 12. Nxe4 dxe4 13. Ng5 cxd4 14. Qxd4 Nc6 15. Qxe4 Ndxe5 16. Nxe6 Qa5+ 17. Bd2 Bb4 18. Nc7+ Qxc7 19. Bxb4 Nxb4 20. Qxb4 Qxc2 21. Rd1 Qc6 22. Rh3 a6 23. h6 g5 24. Rd6 Qc1+ 25. Rd1 Qc6 26. Qd4 f6 27. Qb4 Kf7 28. Rd6 Qc1+ 29. Bd1 Qc7 30. Bb3+ Kg6 31. Re3 Rad8 32. Rxe5 Qxd6 33. Qe4+ Kxh6 34. Qh1+ Kg6 35. Bc2+ Kg7 36. Qe4 Qd2+ 37. Kf1 Qc1+ 38. Kg2 Qf4 39. Re7+ Kh6 40. Qxf4 gxf4 41. Rxb7 Kg5 42. Bf5 Rdg8 43. Kf3 h5 44. Ra7 h4 45. Rxa6 h3 46. Ra5 h2 47. Be4+ Kh6 48. Rh5+ Kg7 49. Rxh8 Rxh8 50. Kxf4 h1=R 51. Bxh1 Rxh1 52. g5 fxg5+ 53. Kxg5 Rb1 54. b3 Rb2 55. f4 Rxa2 56. f5 Rb2 57. f6+ Kf7 58. b4 Rxb4 59. Kh6 Kxf6 60. Kh5 Rc4 61. Kh6 Rh4# 0-1


[Site "https://www.chess.com"]

[Event "Titled Tuesday Blitz August 15 Late 2023"]
[White "Rego, Pedro Filipe"]
[Black "Santos Flores, Alberto"]
[WhiteFideId "1904310"]
[BlackFideId "3601234"]
[WhiteElo "2426"]
[BlackElo "2510"]
[Result "0-1"]
[Round "10"]
[TimeControl "180+1"]
[Date "2023.08.15"]
[WhiteClock "0:00:31"]
[BlackClock "0:01:26"]
[Board "70"]

1. e4 e6 2. d4 d5 3. Nc3 Nf6 4. e5 Nfd7 5. f4 c5 6. Nf3 Nc6 7. Be3 Qb6 8. a3 c4 9. Rb1 a6 10. Be2 Be7 11. O-O g6 12. Qe1 Qc7 13. Qg3 b5 14. Nd1 Bb7 15. Nf2 O-O-O 16. Nh3 h6 17. Ra1 Nb6 18. Rfb1 Kb8 19. b3 Na5 20. Qe1 Nc6 21. bxc4 Nxc4 22. Bxc4 dxc4 23. a4 b4 24. Nf2 Qd7 25. Qe2 Qd5 26. c3 a5 27. Nd2 Nxd4 28. Qf1 Nc2 29. Nxc4 Ba6 30. cxb4 Qxc4 31. bxa5+ Ka8 32. Ra2 Qxf1+ 33. Rxf1 Nxe3 34. Rc1 Rc8 35. Re1 Nd5 36. Ne4 Nxf4 37. Rb2 Rb8 38. Rd2 Rhd8 39. Rc2 Rbc8 40. Rb2 Nd3 0-1


[Site "https://www.chess.com"]

[Event "Titled Tuesday Blitz August 15 Late 2023"]
[White "financieru"]
[Black "Mickiewicz, Piotr"]
[BlackFideId "1114891"]
[WhiteElo "2415"]
[BlackElo "2501"]
[Result "0-1"]
[Round "10"]
[TimeControl "180+1"]
[Date "2023.08.15"]
[WhiteClock "0:00:34"]
[BlackClock "0:01:41"]
[Board "71"]

1. d4 Nf6 2. c4 c6 3. Nc3 d5 4. Nf3 e6 5. Bg5 Nbd7 6. cxd5 exd5 7. e3 Be7 8. Bd3 O-O 9. O-O Re8 10. Qc2 Nf8 11. Rab1 a5 12. a3 Ng6 13. b4 axb4 14. axb4 Ne4 15. Bxe7 Qxe7 16. b5 Bg4 17. Nd2 Nxd2 18. Qxd2 Nh4 19. Kh1 Nf3 20. Qc2 Qh4 21. h3 Bxh3 22. Bxh7+ Kh8 23. g3 Qh5 0-1


[Site "https://www.chess.com"]

[Event "Titled Tuesday Blitz August 15 Late 2023"]
[White "Wafa, Shrook"]
[Black "Berezin, Viktor"]
[WhiteFideId "10609970"]
[BlackFideId "14107872"]
[WhiteElo "2412"]
[BlackElo "2493"]
[Result "0-1"]
[Round "10"]
[TimeControl "180+1"]
[Date "2023.08.15"]
[WhiteClock "0:00:16"]
[BlackClock "0:00:05"]
[Board "72"]

1. e4 c6 2. d4 d5 3. exd5 cxd5 4. Nf3 Nc6 5. Bd3 Nf6 6. O-O Bg4 7. c3 e6 8. Bg5 h6 9. Bh4 Bd6 10. Nbd2 Qc7 11. h3 Bh5 12. Re1 g5 13. Bg3 Bxg3 14. fxg3 Qxg3 15. Qe2 g4 16. hxg4 Bxg4 17. Nf1 Qf4 18. N1h2 Bh5 19. Rf1 Qg3 20. Bb5 Ne4 21. c4 O-O 22. Qe1 Qg7 23. Bxc6 bxc6 24. Ne5 c5 25. cxd5 exd5 26. Qh4 Bg6 27. Nhg4 Kh7 28. Nf6+ Nxf6 29. Rxf6 cxd4 30. Raf1 Rae8 31. Qxd4 Be4 32. R1f2 Re7 33. Nf3 Rc8 34. Nd2 Bg6 35. Qxd5 Rcc7 36. Rf1 Rcd7 37. Qa5 Bd3 38. R1f2 Qg3 39. Nf1 Bxf1 40. Qf5+ Kg7 41. Rxf1 Qe3+ 42. Kh1 Qd2 43. Qg4+ Kh7 44. Qf5+ Kg7 45. Qg4+ Qg5 46. Qxg5+ hxg5 47. Kh2 Rd2 48. R1f2 Rxf2 49. Rxf2 Kg6 50. Rc2 f5 51. b4 Kh5 52. g3 Kg4 53. Kg2 f4 54. gxf4 gxf4 55. Kf2 Rh7 56. Kf1 Kg3 57. Rc6 Rh1+ 58. Ke2 f3+ 59. Ke3 Re1+ 60. Kd2 Re2+ 61. Kd1 Rxa2 62. Rg6+ Kf2 63. b5 Ra5 64. Rg7 Kf1 65. Kd2 f2 66. Ke3 Rxb5 67. Rxa7 Rb3+ 68. Kf4 Ke1 69. Ra1+ Ke2 70. Ra2+ Ke1 71. Ra1+ Ke2 72. Ra2+ Kf1 73. Ra1+ Kg2 74. Ra2 Rf3+ 75. Kg4 Rf8 76. Rb2 Kg1 77. Kg3 f1=Q 78. Rb3 Qe1+ 79. Kh3 Qe6+ 80. Kg3 Qxb3+ 81. Kh4 Qc4+ 82. Kg3 Qd3+ 83. Kg4 Qe4+ 84. Kh3 Rf3# 0-1


[Site "https://www.chess.com"]

[Event "Titled Tuesday Blitz August 15 Late 2023"]
[White "Arutla, Aditya"]
[Black "KorolDimitriy75"]
[WhiteFideId "30961998"]
[WhiteElo "2490"]
[BlackElo "2389"]
[Result "1-0"]
[Round "10"]
[TimeControl "180+1"]
[Date "2023.08.15"]
[WhiteClock "0:01:18"]
[BlackClock "0:00:00"]
[Board "73"]

1. d4 Nf6 2. Bf4 c5 3. d5 Qb6 4. Nc3 Qxb2 5. Bd2 Qb6 6. e4 d6 7. f4 Qd8 8. Nf3 e6 9. Bb5+ Bd7 10. dxe6 fxe6 11. e5 Nd5 12. Bxd7+ Qxd7 13. Nxd5 exd5 14. O-O Nc6 15. e6 Qc7 16. Ng5 O-O-O 17. Nf7 Be7 18. Nxh8 Rxh8 19. Qg4 g6 20. f5 Ne5 21. Qa4 gxf5 22. Qxa7 Rf8 23. Bh6 Rf6 24. Qa8+ Qb8 25. Qa4 Qc7 26. Bg7 Rxe6 27. Rxf5 Bd8 28. Bxe5 dxe5 29. Rd1 d4 30. Qc4 Re7 31. Re1 Kb8 32. Qd5 Ka7 33. Rfxe5 Rxe5 34. Qxe5 Qc6 35. Qe4 Qb5 36. Qd3 Qa5 37. Qb3 Bg5 38. Re6 Be3+ 39. Rxe3 dxe3 40. Qxe3 1-0


[Site "https://www.chess.com"]

[Event "Titled Tuesday Blitz August 15 Late 2023"]
[White "Tomb, Maroun"]
[Black "Mikhalsky, Vladimir"]
[WhiteFideId "5300398"]
[BlackFideId "14144352"]
[WhiteElo "2482"]
[BlackElo "2395"]
[Result "0-1"]
[Round "10"]
[TimeControl "180+1"]
[Date "2023.08.15"]
[WhiteClock "0:00:11"]
[BlackClock "0:00:12"]
[Board "74"]

1. e4 g6 2. d4 Bg7 3. Nc3 d6 4. g3 a6 5. a4 b6 6. Bg2 Bb7 7. Nge2 Nd7 8. Be3 e6 9. Qd2 h6 10. h4 Ne7 11. h5 g5 12. f4 g4 13. Nc1 f5 14. Nd3 Nf6 15. e5 Bxg2 16. Qxg2 Nfd5 17. Bd2 Nxc3 18. Bxc3 d5 19. Bb4 O-O 20. O-O Rf7 21. b3 Bf8 22. Rfd1 Nc6 23. Bxf8 Qxf8 24. c3 Rd8 25. Ne1 Na5 26. Rab1 Qe8 27. Nd3 Rfd7 28. Qh2 Rc8 29. Qh4 Qd8 30. Qxd8+ Rdxd8 31. Nb4 Ra8 32. Kf2 c5 33. dxc5 bxc5 34. Nd3 Rdc8 35. b4 Nb7 36. Ke3 c4 37. Nc1 Nd8 38. Ne2 Nc6 39. Nd4 Nxd4 40. Kxd4 Kf7 41. Rb2 Ke7 42. Rdb1 Rcb8 43. b5 axb5 44. Rxb5 Rxb5 45. axb5 Kd7 46. Kc5 Rc8+ 47. Kb4 Kc7 48. Ra1 Kb7 49. Ra6 d4 50. cxd4 c3 51. Ra1 c2 52. Rc1 Kb6 53. d5 exd5 54. e6 d4 55. e7 d3 56. e8=Q Rxe8 57. Kc3 Rd8 58. Kd2 Kxb5 59. Ra1 Rc8 60. Kc1 Kc4 61. Kd2 Kd4 62. Ra4+ Rc4 63. Ra1 c1=Q+ 64. Rxc1 Rxc1 0-1


[Site "https://www.chess.com"]

[Event "Titled Tuesday Blitz August 15 Late 2023"]
[White "Topalov, Aleksandar"]
[Black "elpera"]
[WhiteFideId "925659"]
[WhiteElo "2378"]
[BlackElo "2480"]
[Result "1-0"]
[Round "10"]
[TimeControl "180+1"]
[Date "2023.08.15"]
[WhiteClock "0:01:59"]
[BlackClock "0:00:58"]
[Board "75"]

1. b3 c5 2. Bb2 Nc6 3. Nf3 d6 4. d4 cxd4 5. Nxd4 Nf6 6. c4 g6 7. Nc3 Bg7 8. g3 O-O 9. Bg2 Bd7 10. O-O a6 11. e3 Rc8 12. Rc1 e5 13. Nc2 Be6 14. Nd5 Bxd5 15. Bxd5 Nxd5 16. Qxd5 Ne7 17. Qxb7 a5 18. Rfd1 Rb8 19. Qa6 d5 20. Ba3 Ra8 21. Qd6 Qxd6 22. Bxd6 Nf5 23. Bxf8 Bxf8 24. Rxd5 f6 25. Rcd1 1-0


[Site "https://www.chess.com"]

[Event "Titled Tuesday Blitz August 15 Late 2023"]
[White "KrokerGuy"]
[Black "Avila Rodriguez, Joshua Ad"]
[BlackFideId "5126444"]
[WhiteElo "2450"]
[BlackElo "2479"]
[Result "1-0"]
[Round "10"]
[TimeControl "180+1"]
[Date "2023.08.15"]
[WhiteClock "0:00:39"]
[BlackClock "0:01:27"]
[Board "76"]

1. e4 c5 2. Nf3 d6 3. d4 cxd4 4. Nxd4 Nf6 5. Nc3 a6 6. Bg5 Nbd7 7. Qe2 e6 8. f4 Qc7 9. O-O-O Be7 10. Kb1 b5 11. a3 Bb7 12. g4 h6 13. Bh4 Nxe4 14. Nxe4 Bxh4 15. Nf5 Be7 16. Nfxd6+ Kf8 17. Nxb7 Qxb7 18. Bg2 Rd8 19. Rd3 Qc7 20. Rhd1 Nf6 21. Nxf6 gxf6 22. Rxd8+ Bxd8 23. Qe4 Kg7 24. h4 Be7 25. Bf1 Rb8 26. Bd3 b4 27. Qh7+ Kf8 28. Qh8# 1-0


[Site "https://www.chess.com"]

[Event "Titled Tuesday Blitz August 15 Late 2023"]
[White "Nathan, Nitish"]
[Black "Stachanczyk, Jacek"]
[WhiteFideId "30927870"]
[BlackFideId "1116657"]
[WhiteElo "2471"]
[BlackElo "2345"]
[Result "1-0"]
[Round "10"]
[TimeControl "180+1"]
[Date "2023.08.15"]
[WhiteClock "0:01:30"]
[BlackClock "0:00:46"]
[Board "77"]

1. d4 d5 2. Bf4 Nf6 3. e3 c5 4. Nf3 Nc6 5. Nbd2 cxd4 6. exd4 Bf5 7. c3 e6 8. Qb3 Qc8 9. Be2 Be7 10. O-O O-O 11. a4 h6 12. h3 Na5 13. Qa2 a6 14. Ne5 Ne4 15. Nxe4 Bxe4 16. b4 Nc6 17. Nd3 Bxd3 18. Bxd3 Qd7 19. Qd2 Bd6 20. Be3 f5 21. Qe2 Rac8 22. Rfe1 Nd8 23. Bd2 Kh7 24. b5 a5 25. c4 dxc4 26. Bxc4 Re8 27. Bxa5 e5 28. dxe5 Bxe5 29. Rad1 Qe7 30. Bd3 g6 31. Qd2 Nf7 32. Bb1 Qf6 33. Ba2 Ng5 34. Qd7+ Re7 35. Qxc8 1-0


[Site "https://www.chess.com"]

[Event "Titled Tuesday Blitz August 15 Late 2023"]
[White "Shapiro, Daniel"]
[Black "Hirneise, Jens"]
[WhiteFideId "2001780"]
[BlackFideId "24614734"]
[WhiteElo "2306"]
[BlackElo "2470"]
[Result "0-1"]
[Round "10"]
[TimeControl "180+1"]
[Date "2023.08.15"]
[WhiteClock "0:00:00"]
[BlackClock "0:00:52"]
[Board "78"]

1. d4 Nf6 2. c4 c5 3. d5 g6 4. Nc3 d6 5. Nf3 Bg7 6. g3 O-O 7. Bg2 e5 8. h3 Ne8 9. e4 f5 10. exf5 gxf5 11. Ng5 e4 12. Qh5 Nf6 13. Qh4 Qe8 14. Bf4 h6 15. Ne6 Bxe6 16. dxe6 Qxe6 17. O-O Ne8 18. Nd5 Nc6 19. Rae1 Qg6 20. f3 e3 21. Bxe3 Nf6 22. g4 Nxd5 23. cxd5 Nd4 24. f4 Nc2 25. Kh2 Nxe1 26. Rxe1 Rae8 27. Bf3 Qf6 28. Qf2 Qxb2 29. Re2 Qf6 30. Bg2 Qc3 0-1


[Site "https://www.chess.com"]

[Event "Titled Tuesday Blitz August 15 Late 2023"]
[White "Martinez, Shawn"]
[Black "Womacka, Mathias"]
[WhiteFideId "2039770"]
[BlackFideId "4611390"]
[WhiteElo "2326"]
[BlackElo "2461"]
[Result "1-0"]
[Round "10"]
[TimeControl "180+1"]
[Date "2023.08.15"]
[WhiteClock "0:00:11"]
[BlackClock "0:00:00"]
[Board "79"]

1. e4 c5 2. Nc3 Nc6 3. Bb5 Nd4 4. Nf3 Nxb5 5. Nxb5 d6 6. d4 Nf6 7. Nc3 cxd4 8. Qxd4 e5 9. Qd2 h6 10. h3 Be6 11. O-O Be7 12. Rd1 O-O 13. Nh2 b5 14. a3 a5 15. f3 b4 16. axb4 axb4 17. Rxa8 Qxa8 18. Nd5 Nxd5 19. exd5 Bf5 20. Nf1 Qb7 21. Ng3 Bg6 22. Qe2 Rc8 23. Ne4 f5 24. Nf2 Rc5 25. Be3 Rxd5 26. Qc4 Bf7 27. Rxd5 Bxd5 28. Qd3 Be6 29. g4 f4 30. Bd2 d5 31. Qg6 Qd7 32. Nd3 Bd6 33. Bxb4 Bxb4 34. Nxb4 Bf7 35. Qb6 Kh7 36. Nd3 Qe7 37. Qc5 Qh4 38. Qf2 Qf6 39. Qe2 Qh4 40. Nxe5 Qg3+ 41. Kf1 Qxh3+ 42. Ke1 Bg6 43. Nxg6 Kxg6 44. Qd3+ Kg5 45. Qxd5+ Kh4 46. Qh5+ Kg3 47. Qxh3+ Kxh3 48. Kf2 1-0


[Site "https://www.chess.com"]

[Event "Titled Tuesday Blitz August 15 Late 2023"]
[White "Jakic, Ivan"]
[Black "Kula, Robert"]
[WhiteFideId "14504901"]
[BlackFideId "1101218"]
[WhiteElo "2452"]
[BlackElo "2287"]
[Result "1-0"]
[Round "10"]
[TimeControl "180+1"]
[Date "2023.08.15"]
[WhiteClock "0:01:43"]
[BlackClock "0:00:00"]
[Board "80"]

1. e4 e5 2. Nf3 Nc6 3. Bb5 Nd4 4. Nxd4 exd4 5. Bc4 Nf6 6. e5 d5 7. Bb3 Ng4 8. O-O h5 9. d3 Be6 10. h3 Nxe5 11. f4 Ng4 12. f5 Nf6 13. fxe6 fxe6 14. Bg5 Be7 15. Qe2 Qd7 16. Nd2 O-O-O 17. Rae1 Rde8 18. Qxe6 Bd8 19. Qxd7+ Kxd7 20. Nf3 c6 21. Ne5+ Kc8 22. Nf7 Rxe1 23. Rxe1 Rf8 24. Nxd8 Kxd8 25. Bxf6+ Rxf6 26. c3 dxc3 27. bxc3 Rg6 28. Bd1 Rg3 29. Bf3 h4 30. Kf2 Rg5 31. d4 Rg6 32. Re5 Rf6 33. Rh5 Kc7 34. Rxh4 Kb6 35. Rg4 Rf7 36. Ke3 Kb5 37. Be2+ Ka4 38. Rf4 Re7+ 39. Kd3 Ka3 40. g4 Kxa2 41. g5 Kb2 42. g6 Re6 43. Bh5 b6 44. Rf7 c5 45. Rxg7 c4+ 46. Kd2 Rf6 47. Rf7 Re6 48. g7 Re8 49. Rf8 Re4 50. g8=Q a5 51. Qg1 b5 52. Qc1+ Ka2 53. Qc2+ Ka3 54. Bd1 b4 55. Qc1+ Ka2 56. cxb4 1-0


[Site "https://www.chess.com"]

[Event "Titled Tuesday Blitz August 15 Late 2023"]
[White "petr577"]
[Black "Alexikov, Alexander"]
[BlackFideId "14103958"]
[WhiteElo "2377"]
[BlackElo "2242"]
[Result "1-0"]
[Round "10"]
[TimeControl "180+1"]
[Date "2023.08.15"]
[WhiteClock "0:00:12"]
[BlackClock "0:00:00"]
[Board "81"]

1. d4 Nf6 2. Bg5 e6 3. Nd2 d5 4. e3 Be7 5. Bd3 O-O 6. c3 b6 7. Ngf3 Ba6 8. Bc2 Nbd7 9. Ne5 Nxe5 10. dxe5 Nd7 11. Bf4 Nc5 12. Nf3 f5 13. a4 Ne4 14. Nd4 Qd7 15. f3 Ng5 16. h4 Nf7 17. g4 c5 18. Nxe6 Qxe6 19. gxf5 Qc6 20. Qd2 Kh8 21. O-O-O Bd8 22. Rdg1 Bc7 23. Qg2 Rg8 24. e6 Ne5 25. h5 Raf8 26. Qg3 Nd3+ 27. Bxd3 Bxf4 28. Qxf4 Bxd3 29. h6 c4 30. Qe5 1-0


[Site "https://www.chess.com"]